 Dungeon Crawl Stone Soup version 0.20-a0-1127-g1289703 (webtiles) character file.

268 Nvm9 the Covered (level 6, -9/48 HPs)
             Began as a Demonspawn Fighter on May 18, 2017.
             Mangled by an ogre
             ... wielding a +0 giant club
              (22 damage)
             ... on level 4 of the Dungeon.
             The game lasted 00:02:40 (3143 turns).

Nvm9 the Covered (Demonspawn Fighter)               Turns: 3143, Time: 00:02:41

Health: -9/48      AC: 11    Str: 18    XL:     6   Next: 0%
Magic:  6/6        EV:  3    Int:  9    God:
Gold:   189        SH:  9    Dex: 13    Spells: 5/5 levels left

rFire    . . .     SeeInvis .   a - +0 war axe
rCold    . . .     Gourm    .   c - +0 shield
rNeg     . . .     Faith    .   s - +0 plate armour
rPois    .         Spirit   .   (no helmet)
rElec    .         Reflect  .   (no cloak)
rCorr    .         Harm     .   (no gloves)
MR       .....                  (no boots)
Stlth    ..........             (no amulet)
Regen    0.2/turn               (no ring)
MPRegen  0.1/turn               (no ring)

@: no status effects
A: powered by death 1
a: no special abilities


You were on level 4 of the Dungeon.
You were not hungry.

You visited 1 branch of the dungeon, and saw 4 of its levels.

You collected 189 gold pieces.

Inventory:

Hand Weapons
 a - a +0 war axe (weapon)
Armour
 b - a +0 scale mail
 c - a +0 shield (worn)
 s - a +0 plate armour (worn)
Jewellery
 m - an uncursed ring of fire {unknown}
Wands
 p - a wand of acid (9/15)
Scrolls
 g - 5 scrolls of teleportation {unknown}
 j - a scroll of remove curse {unknown}
 k - 6 scrolls of identify {unknown}
 n - a scroll of random uselessness {unknown}
 t - 2 scrolls of amnesia {unknown}
 u - a scroll of magic mapping {unknown}
Potions
 d - 2 potions of might
 e - 3 potions of heal wounds {unknown}
 h - 2 potions of haste {unknown}
 i - 2 potions of ambrosia {unknown}
 o - a potion of magic {unknown}
 q - a potion of mutation {unknown}
 r - a potion of curing {unknown}
Comestibles
 f - a bread ration
 l - 4 fruits


   Skills:
 + Level 3.9 Fighting
 + Level 3.0 Axes
 * Level 4.3 Armour
 + Level 3.6 Shields


You had 5 spell levels left.
You didn't know any spells.

Dungeon Overview and Level Annotations

Branches:
Dungeon (4/15)
 Temple: D:4-7

Altars:


Innate Abilities, Weirdness & Mutations

You regenerate a little health from kills.


Message History

You are too injured to fight recklessly!
You are too injured to fight recklessly!
You are too injured to fight recklessly!
You are too injured to fight recklessly!
You are too injured to fight recklessly!
You are too injured to fight recklessly!
You are too injured to fight recklessly!
You are too injured to fight recklessly!
You are too injured to fight recklessly!
You are too injured to fight recklessly!
You barely miss the ogre. You block the ogre's attack.
You barely miss the ogre. The ogre hits you with a giant club!
* * * LOW HITPOINT WARNING * * *
You hit the ogre.
The ogre is lightly wounded.
The ogre barely misses you.
Your shield and plate armour prevent you from hitting the ogre.
The ogre is lightly wounded.
The ogre hits you with a giant club!!
You die...

..#.# .#.# #.#.# .#.#
...#### .#.#
######.[...# #.#.#
#....#..##.# #.#.#####
..).....##.###.#.#...###
.......>.......#.....'..
.....#.##.##..###...###
#.. #@##.##..###...# # #
#O##.#.....#...# #
#.##.#.....##### #
#.##.#.....# #
...#.#.....# #
####.#.....#######
#.#.[.)........
#............
##.###.......


You could see an ogre.

Vanquished Creatures
  An ogre (D:4)
  A centaur (D:3)
  4 adders
  An ooze (D:2)
  A worm (D:2)
  3 dart slugs
  4 leopard geckos
  2 bats (D:1)
  3 giant cockroaches
  3 goblins
  11 hobgoblins
  2 quokkas (D:2)
  6 frilled lizards
  13 kobolds
  7 rats
62 creatures vanquished.

Notes
Turn   | Place    | Note
-------+----------+-------------------------------------------
     0 | D:1      | Nvm9 the Demonspawn Fighter began the quest for the Orb.
     0 | D:1      | Reached XP level 1. HP: 18/18 MP: 1/1
   356 | D:1      | Gained mutation: You regenerate a little health from kills. [demonic ancestry]
   356 | D:1      | Reached XP level 2. HP: 24/24 MP: 2/2
   393 | D:1      | Reached skill level 3 in Armour
  1007 | D:2      | Reached XP level 3. HP: 29/29 MP: 3/3
  1209 | D:2      | Reached XP level 4. HP: 34/35 MP: 4/4
  1995 | D:3      | Noticed a centaur
  2006 | D:3      | Killed a centaur
  2006 | D:3      | Reached XP level 5. HP: 12/41 MP: 5/5
  2425 | D:3      | Reached skill level 4 in Armour
  2806 | D:4      | Noticed an ogre
  2814 | D:4      | Killed an ogre
  2814 | D:4      | Reached XP level 6. HP: 13/48 MP: 6/6
  3143 | D:4      | Mangled by an ogre

Vault maps used:
D:1:      erik_arrival_triangle_medium
D:2:      wad_crossroads
D:3:      first_bread, minmay_liquid_box
D:4:      corexii_shack_village, uniq_eustachio

Skill      XL: |  1  2  3  4  5 |
---------------+----------------+-----
Axes           | 2 3 |  3.0
Armour         | 3 4 |  4.3
Shields        | 3 |  3.6
Fighting       | |  3.9

Action                   |  1- 3 |  4- 6 || total
-------------------------+-------+-------++-------
Melee: War axe           |    99 |   124 ||   223
  Eat: Chunk             |     1 |     2 ||     3
       Bread ration      |       |     1 ||     1
Armor: Scale mail        |    45 |    19 ||    64
       Plate armour      |       |    42 ||    42
Dodge: Dodged            |    34 |    17 ||    51
Block: Shield            |    48 |    67 ||   115
